 Dungeon Crawl Stone Soup version 0.30-a0-389-g8d7d949f56 (webtiles) character file.

Game seed: 4253264113470111977

4678 Twinkles the Trooper (level 10, -4/80 HPs)
             Began as a Demonspawn Gladiator on Dec 3, 2022.
             Was an Initiate of Qazlal.
             Slain by an acid dragon (13 damage)
             ... on level 8 of the Dungeon.
             The game lasted 00:43:46 (11160 turns).

Twinkles the Trooper (Demonspawn Gladiator)        Turns: 11160, Time: 00:43:46

Health: -4/80      AC:  4    Str: 15    XL:     10   Next: 21%
Magic:  11/11      EV: 13    Int: 11    God:    Qazlal [......]
Gold:   460        SH:  0    Dex: 17    Spells: 6/9 levels left

rFire   + . .      SeeInvis .    a - +0 long sword
rCold   . . .      Faith    .    (no shield)
rNeg    . . .      Spirit   .    O - +1 scale mail {rF+}
rPois   .          Reflect  .    C - +0 helmet
rElec   .          Harm     .    (no cloak)
rCorr   .          Rampage  .    k - +0 pair of gloves
Will    .....                    (no boots)
Stlth   +.........               (no amulet)
HPRegen 0.33/turn                (no ring)
MPRegen 0.12/turn                (no ring)

@: about to teleport, corroded
A: icy blue scales 1, demonic magic 2, weakness stinger 2
a: Renounce Religion


You were on level 8 of the Dungeon.
You worshipped Qazlal.
Qazlal was noncommittal.
You visited 2 branches of the dungeon, and saw 10 of its levels.
You also visited: Sewer and Ossuary.

You collected 460 gold pieces.

Inventory:

Hand Weapons
 a - a +0 long sword (weapon)
 b - a +3 dagger
 v - a +3 quarterstaff
 w - a +2 vampiric hand axe
 y - a +1 dagger of venom
 E - a +0 dagger of venom
 M - a +1 dagger of chaos
Missiles
 d - 6 throwing nets
 f - 6 boomerangs
 p - 3 javelins
 H - 33 poisoned darts
Armour
 c - a +0 helmet
 k - a +0 pair of gloves (worn)
 l - a +0 leather armour
 C - a +0 helmet (worn)
 O - a +1 scale mail of fire resistance (worn)
Jewellery
 Q - a ring of see invisible
Wands
 e - a wand of charming (17)
 i - a wand of iceblast (9)
Scrolls
 m - 2 scrolls of poison
 n - 2 scrolls of enchant weapon {unknown}
 o - 2 scrolls of magic mapping {unknown}
 s - 2 scrolls of torment {unknown}
 t - a scroll of butterflies {unknown}
 u - 4 scrolls of noise {unknown}
 x - 2 scrolls of vulnerability {unknown}
 z - 3 scrolls of immolation {unknown}
 D - a scroll of acquirement {unknown}
 F - 2 scrolls of blinking {unknown}
 G - 2 scrolls of fear {unknown}
 K - a scroll of silence {unknown}
 N - a scroll of enchant armour {unknown}
 Y - 6 scrolls of teleportation
 Z - a scroll of identify
Potions
 g - 3 potions of berserk rage {unknown}
 h - a potion of might {unknown}
 j - a potion of magic {unknown}
 q - a potion of haste {unknown}
 r - 3 potions of degeneration {unknown}
 A - 2 potions of attraction
 B - 3 potions of brilliance
 I - 3 potions of invisibility
 J - 3 potions of curing
 L - 2 potions of flight
 P - a potion of lignification
 U - 2 potions of mutation


   Skills:
 + Level 7.7 Fighting
 + Level 7.3 Long Blades
 - Level 3.0 Throwing
 - Level 3.0 Armour
 + Level 7.3 Dodging
 + Level 1.5 Stealth
 + Level 5.6 Hexes
 + Level 2.2 Invocations


You had 6 spell levels left.
You knew the following spells:

 Your Spells              Type           Power      Damage    Failure   Level
a - Tukima's Dance        Hex            12%        N/A       38%         3

Your spell library contained the following spells:

 Spells                   Type           Power      Damage    Failure   Level
 Ensorcelled Hibernation  Hex/Ice        12%        N/A       54%         2
 Passwall                 Tmut/Erth      0%         N/A       90%         2
 Swiftness                Air            0%         N/A       99%         3
 Passage of Golubria      Tloc           0%         N/A       100%        4
 Yara's Violent Unravell  Hex/Tmut       3%         3d4       100%        5


Dungeon Overview and Level Annotations

Branches:
Dungeon (9/15) Zot: 23767  Temple (1/1) D:7 Zot: 5710   Sewer (visited)
Ossuary (visited)
   Lair: D:8-11         Orc: D:9-12

Altars:
Ashenzari
Fedhas
Gozag
Hepliaklqana
Kikubaaqudgha
Makhleb
Nemelex Xobeh
Okawaru
Qazlal
Ru
Sif Muna
Trog
Vehumet
Xom
Yredelemnul

Shops:
D:2 [

Annotations:
D:3 3 runed translucent doors, Encipher's ghost, amateur OpTm
D:6 Maggie


Innate Abilities, Weirdness & Mutations

You are partially covered in icy blue scales. (AC +2)
Spells you cast may paralyse nearby enemies.
You have a tail ending in a sharp stinger.


Message History

The acid dragon bites you but does no damage.
The acid dragon claws you but does no damage.
You hit the acid dragon.
The acid dragon is lightly wounded.
The acid dragon misses you. The acid dragon closely misses you.
You slash the acid dragon!
The acid dragon is heavily wounded.
The acid dragon spits acid at you. The splash of acid hits you!
The acid corrodes you!
You hit the acid dragon but do no damage.
Your tail-slap misses the acid dragon.
The acid dragon is heavily wounded.
The acid dragon closely misses you.
The acid dragon claws you but does no damage.
You barely miss the acid dragon.
The acid dragon is heavily wounded.
The acid dragon bites you. The acid dragon claws you.
You hit the acid dragon but do no damage.
You tail-slap the acid dragon, but do no damage.
The acid dragon is heavily wounded.
The acid dragon bites you. The acid dragon misses you.
You completely miss the acid dragon.
The acid dragon is heavily wounded.
The acid dragon bites you but does no damage.
The acid dragon claws you but does no damage.
You hit the acid dragon but do no damage.
You tail-slap the acid dragon, but do no damage.
The acid dragon is heavily wounded.
The acid dragon spits acid at you. The splash of acid hits you!!
* * * LOW HITPOINT WARNING * * *
Okay, then.
As you read the scroll of teleportation, it crumbles to dust.
You feel strangely unstable. The acid dragon closely misses you.
The acid dragon completely misses you.
You closely miss the acid dragon.
Your tail-slap misses the acid dragon.
The acid dragon is heavily wounded.
The acid dragon closely misses you. The acid dragon barely misses you.
The acid dragon bites you!
You die...

###.#..#....#..##.###.#
###########.#.#..#.#.............
.................#............#.#
##.#.............#.#.#...........
##.#.##.###.#.#..#.#.#...##.#.#.#
...#.##.# #.#.#..........##.#.#..
#..#.##.###.#.#..#.#.#......#.#.#
...................)>#...##......
#..#...........D@...[.........#..
............................###..
#..#.#.#.##.#.#..#.#.#...#.......
#..#.#.#.##......................
.....#.#.##.#.#..#.#.....#..#.##.
.........##.#.#...............##.
...#.#.#.#.<.............#..####.
.........#.##....................
#..#.#.#.#[##............#..##.#.


You could see an acid dragon.

Vanquished Creatures
  A shadow (D:7)
  6 yaks (D:7)
  A wyvern (D:7)
  A steam dragon (D:7)
  2 water moccasins
  An orc warrior (D:8)
  An ice beast (D:8)
  An ogre (D:6)
  A black bear (D:4)
  4 centaurs
  5 kobold brigands
  A bullfrog (D:6)
  A gnoll sergeant (D:8)
  3 scorpions (D:5)
  10 killer bees
  2 howler monkeys
  3 orc priests
  5 hounds
  Jessica (D:2)
  4 iguanas
  9 orc wizards
  A mummy (Ossuary)
  9 adders
  10 gnolls
  A river rat (Sewer)
  A shadow imp (D:7)
  A white imp (D:6)
  2 worms (D:6)
  A dart slug (D:4)
  33 orcs
  10 ball pythons
  9 endoplasms
  6 giant cockroaches
  8 goblins
  11 hobgoblins
  6 jackals
  17 kobolds
  5 quokkas
  5 bats
  2 bat simulacra (Ossuary)
  8 frilled lizards
  12 gnoll zombies (Ossuary)
  A goblin simulacrum (Ossuary)
  4 goblin zombies (Ossuary)
  6 hobgoblin zombies (Ossuary)
  3 kobold simulacra (Ossuary)
  3 kobold zombies (Ossuary)
  5 orc zombies (Ossuary)
  13 rats
  2 rat simulacra (Ossuary)
  2 spectral goblins (Ossuary)
  2 spectral rats (Ossuary)
262 creatures vanquished.

Vanquished Creatures (collateral kills)
  Psyche (D:8)
  An orc warrior (D:7)
  An orc (D:8)
  A kobold (D:7)
4 creatures vanquished.

Vanquished Creatures (others)
  2 dancing weapons
  A fungus (D:9)
  7 plants
10 creatures vanquished.

Grand Total: 276 creatures vanquished

Notes
Turn   | Place    | Note
-------+----------+-------------------------------------------
     0 | D:1      | Twinkles the Demonspawn Gladiator began the quest for the
                  | Orb.
     0 | D:1      | Reached XP level 1. HP: 16/16 MP: 1/1
   228 | D:1      | Gained mutation: You are partially covered in icy blue
                  | scales. (AC +2) [demonic ancestry]
   228 | D:1      | Reached XP level 2. HP: 22/22 MP: 2/2
   747 | D:2      | Gained mutation: You have a small tail. [demonic ancestry]
   747 | D:2      | Reached XP level 3. HP: 21/28 MP: 3/3
   874 | D:2      | Gained mutation: You have a tail ending in a sharp stinger.
                  | [demonic ancestry]
   874 | D:2      | Reached XP level 4. HP: 29/34 MP: 4/4
   945 | D:2      | Found Goazesm's Armour Emporium.
  1055 | D:2      | Noticed Jessica
  1060 | D:2      | Killed Jessica
  1379 | D:3      | Gained mutation: Spells you cast may paralyse adjacent
                  | enemies. [demonic ancestry]
  1379 | D:3      | Reached XP level 5. HP: 38/41 MP: 5/5
  2094 | D:3      | Found a runed translucent gate.
  2094 | D:3      | Found a runed translucent gate.
  2096 | D:3      | Found a runed translucent gate.
  2097 | D:3      | Noticed Encipher's ghost (amateur OpTm)
  2097 | D:3      | Identified the +8 spear of a Labyrinth {flame, rF+ Will+}
  2097 | D:3      | Identified the +5 scale mail "Xeddiarph" {rElec Regen+}
  2121 | D:3      | Found a burning altar of Makhleb.
  2305 | D:4      | Found a shimmering altar of Xom.
  3426 | D:5      | Entered Level 5 of the Dungeon
  3433 | D:5      | Noticed a black bear
  3457 | D:4      | HP: 8/41 [black bear (10)]
  3459 | D:4      | Killed a black bear
  3460 | D:4      | Reached XP level 6. HP: 9/48 MP: 6/6
  4254 | D:5      | Gained mutation: Spells you cast may paralyse nearby
                  | enemies. [demonic ancestry]
  4254 | D:5      | Reached XP level 7. HP: 46/55 MP: 7/7
  4300 | D:5      | HP: 15/55 [poisoned by a scorpion]
  4937 | D:6      | Found a glowing drain.
  4958 | Sewer    | Entered a sewer
  5007 | Sewer    | Reached skill level 5 in Fighting
  5007 | Sewer    | Reached skill level 5 in Long Blades
  5140 | Sewer    | Reached skill level 5 in Dodging
  5811 | D:6      | Reached skill level 1 in Armour
  5811 | D:6      | Reached skill level 1 in Hexes
  5845 | D:6      | Reached XP level 8. HP: 54/62 MP: 8/8
  6121 | D:6      | Learned a level 3 spell: Tukima's Dance
  6320 | D:6      | Found a bloodstained altar of Trog.
  6615 | D:6      | Noticed Maggie
  6637 | D:6      | You fall into a shaft and drop 3 floors!
  7049 | D:8      | HP: 15/64 [centaur/arrow (7)]
  7058 | D:8      | Noticed Psyche
  7271 | D:8      | Reached XP level 9. HP: 59/69 MP: 9/9
  7347 | D:8      | Found a sand-covered staircase.
  7357 | Ossuary  | Entered an ossuary
  8070 | D:6      | Found a sparkling altar of Nemelex Xobeh.
  8795 | D:7      | Found a shimmering blue altar of Sif Muna.
  8969 | D:7      | HP: 20/71 [yak (7)]
  8973 | D:7      | HP: 9/71 [yak (13)]
  8984 | D:7      | HP: 30/108 [yak (4)]
  8993 | D:7      | HP: 18/108 [yak (12)]
  8997 | D:7      | HP: 7/108 [yak (6)]
  9006 | D:7      | Reached skill level 5 in Hexes
  9008 | D:7      | HP: 13/108 [yak (3)]
  9372 | D:7      | Found a staircase to the Ecumenical Temple.
  9383 | Temple   | Entered the Ecumenical Temple
  9584 | Temple   | Became a worshipper of Qazlal Stormbringer
  9720 | D:7      | Reached XP level 10. HP: 76/79 MP: 10/10
  9965 | D:7      | Reached skill level 1 in Invocations
 10311 | D:8      | Killed Psyche
 10312 | D:8      | Reached skill level 1 in Stealth
 11158 | D:8      | HP: 8/80 [acid dragon/splash of acid (28)]
 11160 | D:8      | Slain by an acid dragon

Illustrated notes

Levels and vault maps discovered:
D:1:      dpeg_arrival_rhombi, layout_basic
D:2:      layout_rooms, serial_shops, nicolae_shop_statue_plus, uniq_jessica
D:3:      layout_loops_ring, nicolae_overflow_crystal_walls,
          biasface_ghost_orc_armoury
D:4:      corexii_shantytown, layout_loops_cross, mainiacjoe_overflow_paths,
          minmay_crystal_room
D:5:      layout_gridville, lemuel_coloured_pillars_altar, kennysheep_donut
D:6:      layout_basic, nemelex_spade_bored_becter, kennysheep_mini_moat,
          serial_glass, glass_columns_a, glass_columns_a,
          gup_sewer_entry_bubbles, uniq_maggie
D:7:      layout_loops_ring, kennysheep_orc_sif_temple,
          minmay_temple_entry_large_hall, minmay_misc_feat_square,
          dk_vineyard_1, hangedman_decor_points
D:8:      layout_basic, nicolae_ossuary_entry_ruins, uniq_psyche
D:9:      layout_loops_corners, mainiacjoe_overflow_big_doors,
          minmay_lair_entry_grove
Temple:   nicolae_temple_hex_pool

Skill      XL: |  1  2  3  4  5  6  7  8  9 10 |
---------------+-------------------------------+-----
Throwing       | 2 3 |  3.0
Long Blades    | 3 4 5 6 7 |  7.3
Dodging        | 3 4 5 6 7 |  7.3
Fighting       | 3 4 5 6 7 |  7.7
Armour         | 1 3 |  3.0
Hexes          | 1 3 5 |  5.6
Invocations    | 2 |  2.2
Stealth        | 1 |  1.5

Action                   |  1- 3 |  4- 6 |  7- 9 | 10-12 || total
-------------------------+-------+-------+-------+-------++-------
Melee: Long sword        |    78 |    40 |   192 |    58 ||   368
       Punch             |     1 |     4 |     8 |     2 ||    15
       Tailslap          |     1 |    33 |    96 |     8 ||   138
       Quarterstaff      |       |    19 |       |       ||    19
       Hand axe          |       |   179 |    13 |       ||   192
       Dagger            |       |       |   404 |       ||   404
       Unarmed           |       |       |    34 |       ||    34
 Cast: Tukima's Dance    |       |       |     4 |     7 ||    11
  Use: Scroll            |       |       |     8 |     3 ||    11
       Potion            |       |       |     7 |       ||     7
 Stab: Sleeping          |       |     7 |     5 |       ||    12
       Paralysed         |       |       |     5 |     3 ||     8
       Distracted        |       |       |     1 |       ||     1
Armor: Leather armour    |    27 |    89 |   145 |    11 ||   272
       Skin              |       |       |    24 |       ||    24
       Scale mail        |       |       |       |    16 ||    16
Dodge: Dodged            |    66 |   200 |   368 |    53 ||   687

Table legend: (Time is in decaauts)
 A = Elapsed time spent in this place.
 B = Non-inter-level travel time spent in this place.
 C = Inter-level travel time spent in this place.
 D = Time resting spent in this place.
 E = Time spent auto-exploring this place.
 F = Levels seen in this place.
 G = Mean time per level.
                   A        B        C        D        E       F      G
               +--------+--------+--------+--------+--------+-----+--------+
         Total |  11407 |  10415 |    992 |   1023 |   6791 |  12 |  950.6 |
       Dungeon |   9648 |   8713 |    935 |    822 |   5877 |   9 | 1072.0 |
        Temple |    289 |    232 |     57 |     55 |    145 |   1 |  289.0 |
         Sewer |    889 |    889 |      0 |      0 |    624 |   1 |  889.0 |
       Ossuary |    580 |    580 |      0 |    146 |    145 |   1 |  580.0 |
               +--------+--------+--------+--------+--------+-----+--------+

Top non-repeatable levels by time:
     D:7: 1605 daAuts
     D:6: 1544 daAuts
     D:5: 1301 daAuts
     D:8: 1180 daAuts
     D:4: 1168 daAuts
     D:3: 1035 daAuts
   Sewer: 889 daAuts
     D:1: 770 daAuts
     D:2: 749 daAuts
 Ossuary: 580 daAuts
     D:9: 291 daAuts
  Temple: 289 daAuts
